 Dungeon Crawl Stone Soup version 0.27-a0-242-ge0fc76b88b (webtiles) character file.

Game seed: 3753996032615177481

36 Borgoz the Ducker (level 3, 0/30 HPs)
             Began as a Ghoul Gladiator on Feb 2, 2021.
             Slain by a worm (2 damage)
             ... on level 2 of the Dungeon.
             The game lasted 00:01:10 (1091 turns).

Borgoz the Ducker (Ghoul Gladiator)                 Turns: 1091, Time: 00:01:11

Health: 0/30       AC:  4    Str: 17    XL:     3   Next: 37%
Magic:  2/2        EV: 12    Int:  9    God:
Gold:   100        SH:  0    Dex: 11    Spells: 2/2 levels left

rFire    . . .     SeeInvis .   a - +0 long sword
rCold    + . .     Faith    .   (no shield)
rNeg     + + +     Spirit   .   b - +0 leather armour
rPois    ∞         Reflect  .   c - +0 helmet
rElec    .         Harm     .   (no cloak)
rCorr    .         Rampage  .   (no gloves)
Will     .....                  (no boots)
Stlth    +.........             (no amulet)
HPRegen  0.00/turn              j - +6 ring of intelligence
MPRegen  0.08/turn              (no ring)

@: brilliant
A: claws 1, cold resistance 1, negative energy resistance 3, inhibited
regeneration, torment resistance, unbreathing
a: no special abilities


You were on level 2 of the Dungeon.
You visited 1 branch of the dungeon, and saw 2 of its levels.

You collected 100 gold pieces.

Inventory:

Hand Weapons
 a - a +0 long sword (weapon)
Missiles
 d - 3 throwing nets (quivered)
Armour
 b - a +0 leather armour (worn)
 c - a +0 helmet (worn)
Jewellery
 j - a +6 ring of intelligence (left claw)
Scrolls
 f - a scroll of magic mapping {unknown}
 g - a scroll of enchant weapon {unknown}
 h - 2 scrolls of identify {unknown}
 k - 3 scrolls of fear {unknown}
 m - a scroll of enchant armour {unknown}
Potions
 e - a potion of might {unknown}
 i - a potion of brilliance
 l - a potion of mutation {unknown}


   Skills:
 + Level 2.6 Fighting
 * Level 3.1 Long Blades
 - Level 1.7 Throwing
 + Level 0.8 Armour
 * Level 3.2 Dodging


You had 2 spell levels left.
You didn't know any spells.
Your spell library was empty.

Dungeon Overview and Level Annotations

Branches:
Dungeon (2/15)

Altars:


Innate Abilities, Weirdness & Mutations

You thrive by killing the living.
You are immune to poison.
You have sharp fingernails.
Your flesh is cold resistant. (rC+)
You are immune to negative energy. (rN+++)
You do not regenerate when monsters are visible.
You are immune to unholy pain and torment.
You can survive without breathing.


Message History

The worm is moderately wounded.
The goblin wields a +0 hunting sling.
The goblin shoots a stone.
The stone hits you.
* * * LOW HITPOINT WARNING * * *
You hit the worm.
The worm is heavily wounded.
The worm barely misses you.
The goblin shoots a stone.
The stone hits you.
* * * LOW HITPOINT WARNING * * *
You are too injured to fight recklessly!
You hit the worm but do no damage.
The worm is heavily wounded.
The goblin shoots a stone.
The stone hits you.
* * * LOW HITPOINT WARNING * * *
The worm bites you.
* * * LOW HITPOINT WARNING * * *
You are too injured to fight recklessly!
It was a potion of brilliance.
You feel clever all of a sudden.
The goblin shoots a stone.
The stone closely misses you. The worm bites you.
You die...

## ### .# #.. .# #.###
+## #.#.# ##### ..#
#.#.# #...# ..#
#.#.####[..#
..#######.#........#
...............†...+
+#.###....#####.@w.#
.#......................
...............!##......
.####.####....... ......
. #.# #.###### .g...
##.# #+# ..... ##.##.#
#### ...##+# ....


You could see a worm and a goblin.

Vanquished Creatures
  2 adders (D:2)
  3 giant cockroaches (D:2)
  A goblin (D:2)
  A hobgoblin (D:1)
  3 jackals (D:2)
  2 bats
  4 frilled lizards
  A kobold (D:1)
  3 rats
20 creatures vanquished.

Notes
Turn   | Place    | Note
-------+----------+-------------------------------------------
     0 | D:1      | Borgoz the Ghoul Gladiator began the quest for the Orb.
     0 | D:1      | Reached XP level 1. HP: 17/17 MP: 0/0
   789 | D:2      | Reached XP level 2. HP: 25/25 MP: 1/1
  1017 | D:2      | Reached XP level 3. HP: 30/30 MP: 2/2
  1091 | D:2      | Slain by a worm

Illustrated notes

Levels and vault maps discovered:
D:1:      heliophobic_arrival_henge, layout_loops_ring
D:2:      layout_basic, chequers_ecumenical_altar_twisty

Skill      XL: |  1  2 |
---------------+-------+-----
Dodging        | 3 |  3.2
Long Blades    | 3 |  3.1
Fighting       | |  2.6
Throwing       | |  1.7
Armour         | |  0.8

Action                   || total
-------------------------++-------
Melee: Long sword        ||    68
  Use: Potion            ||     1
Armor: Leather armour    ||    21
Dodge: Dodged            ||    65
       Rpst.: Long sword ||    21

Table legend: (Time is in decaauts)
 A = Elapsed time spent in this place.
 B = Non-inter-level travel time spent in this place.
 C = Inter-level travel time spent in this place.
 D = Time resting spent in this place.
 E = Time spent auto-exploring this place.
 F = Levels seen in this place.
 G = Mean time per level.
                   A        B        C        D        E       F      G
               +--------+--------+--------+--------+--------+-----+--------+
         Total |   1107 |   1063 |     44 |     33 |    871 |   2 |  553.5 |
       Dungeon |   1107 |   1063 |     44 |     33 |    871 |   2 |  553.5 |
               +--------+--------+--------+--------+--------+-----+--------+

Top non-repeatable levels by time:
     D:1: 782 daAuts
     D:2: 324 daAuts
